 Dungeon Crawl Stone Soup version 0.24.0-123-gd5b16e6ec5 (webtiles) character file.

Game seed: 344273986003058289, levelgen mode: deterministic

147 Curus the Slasher (level 5, 0/42 HPs)
             Began as a Minotaur Gladiator on Dec 20, 2019.
             Was a Follower of Makhleb.
             Killed by nerve-wracking pain
             ... invoked by an orc priest
              (14 damage)
             ... on level 4 of the Dungeon.
             The game lasted 00:06:50 (2405 turns).

Curus the Slasher (Minotaur Gladiator)              Turns: 2405, Time: 00:06:50

Health: 0/42       AC:  8    Str: 19    XL:     5   Next: 8%
Magic:  4/4        EV: 12    Int:  6    God:    Makhleb [*.....]
Gold:   132        SH:  0    Dex: 11    Spells: 4/4 levels left

rFire    . . .     SeeInvis .   a - +1 long sword
rCold    . . .     Gourm    .   (no shield)
rNeg     . . .     Faith    .   b - +0 leather armour
rPois    .         Spirit   .   c - +0 hat
rElec    .         Reflect  .   m - +0 cloak
rCorr    .         Harm     .   h - +0 pair of gloves
MR       .....                  l - +2 pair of boots
Stlth    +.........             e - amulet of inaccuracy (curse)
HPRegen  0.14/turn              (no ring)
MPRegen  0.09/turn              (no ring)

@: lethally poisoned (0 -> -2)
A: retaliatory headbutt, horns 2
a: Renounce Religion


You were on level 4 of the Dungeon.
You worshipped Makhleb.
Makhleb was aware of your devotion.
You were hungry.

You visited 1 branch of the dungeon, and saw 4 of its levels.

You collected 132 gold pieces.

Inventory:

Hand Weapons
 a - a +1 long sword (weapon)
Missiles
 d - 3 throwing nets (quivered)
Armour
 b - a +0 leather armour (worn)
 c - a +0 hat (worn)
 h - a +0 pair of gloves (worn)
 l - a +2 pair of boots (worn)
 m - a +0 cloak (worn)
Jewellery
 e - a cursed amulet of inaccuracy (around neck)
Scrolls
 g - a scroll of fear
 i - 3 scrolls of immolation
 j - 3 scrolls of identify
Potions
 k - 2 potions of cancellation
 n - a potion of berserk rage
Comestibles
 f - 7 rations


   Skills:
 - Level 2.4 Fighting
 + Level 7.0 Long Blades
 - Level 2.0 Throwing
 - Level 3.2 Dodging


You had 4 spell levels left.
You didn't know any spells.
Your spell library contained the following spells:

 Spells                   Type           Power        Failure   Level  Hunger
 Gell's Gravitas          Tloc           #.........   87%         3    ####...
 Portal Projectile        Hex/Tloc       #.....       87%         3    ####...
 Force Lance              Conj/Tloc      #.......     99%         4    #####..
 Dispersal                Tloc           #.........   100%        6    #######
 Controlled Blink         Tloc           N/A          100%        8    #######
 Disjunction              Tloc           #.........   100%        8    #######


Dungeon Overview and Level Annotations

Branches:
Dungeon (4/15)
 Temple: D:4-7

Altars:
Makhleb
Qazlal
Ru


Innate Abilities, Weirdness & Mutations

You reflexively headbutt those who attack you in melee.
You have a pair of horns on your head.


Message History

You feel sick. The orc hits you. The orc misses you. You furiously retaliate!
You headbutt the orc. The orc hits you.
The orc priest begins to cast a cantrip, but forgets the words!
You barely miss the orc priest. You headbutt the orc priest.
The orc priest is severely wounded.
The orc hits you. The orc hits you but does no damage.
The orc completely misses you. You furiously retaliate!
You headbutt the orc!
You kill the orc!
Makhleb accepts your kill.
The orc priest calls upon Beogh to heal the orc.
The orc's wounds heal themselves!
You closely miss the orc.
The orc is moderately wounded.
You feel sick. The orc hits you. The orc misses you.
You riposte.
You slash the orc!
You kill the orc!
Makhleb accepts your kill.
The orc priest mumbles some strange prayers to Beogh against you.
Pain shoots through your body!
You die...

.#.............#
#...............#
................#
#.......(.......#
#.........).....#
#...........>...#
#......<........#
........)oo)...#
..#....<#@....##
#...###########
###


You could see an orc priest and an orc.

Vanquished Creatures
  Crazy Yiuf (D:2)
  3 adders
  4 worms (D:2)
  6 dart slugs
  3 leopard geckos
  4 orcs
  A ball python (D:1)
  3 giant cockroaches
  12 goblins
  7 hobgoblins
  6 kobolds
  2 quokkas (D:2)
  3 bats
  4 frilled lizards
  4 rats
  A fungus (D:2)
64 creatures vanquished.

Notes
Turn   | Place    | Note
-------+----------+-------------------------------------------
     0 | D:1      | Curus the Minotaur Gladiator began the quest for the Orb.
     0 | D:1      | Reached XP level 1. HP: 18/18 MP: 0/0
    39 | D:1      | Reached skill level 4 in Long Blades
    78 | D:1      | Reached XP level 2. HP: 23/25 MP: 1/1
   179 | D:1      | Reached skill level 5 in Long Blades
   192 | D:1      | Reached XP level 3. HP: 25/30 MP: 2/2
   402 | D:2      | Found a faded altar of an unknown god.
   561 | D:2      | Found a stormy altar of Qazlal.
   780 | D:2      | Found a burning altar of Makhleb.
   791 | D:2      | Reached skill level 6 in Long Blades
   791 | D:2      | Reached XP level 4. HP: 37/37 MP: 3/3
   794 | D:2      | Became a worshipper of Makhleb the Destroyer
  1500 | D:2      | Found a runed translucent door.
  1501 | D:2      | Noticed Crazy Yiuf
  1508 | D:2      | Killed Crazy Yiuf
  1905 | D:3      | Reached XP level 5. HP: 42/42 MP: 4/4
  2201 | D:3      | Reached skill level 7 in Long Blades
  2206 | D:3      | Reached * piety under Makhleb
  2292 | D:3      | Found a sacrificial altar of Ru.
  2405 | D:4      | Killed from afar by an orc priest

Levels and vault maps discovered:
D:1:      shiori_arrival_elements, layout_rooms
D:2:      layout_loops_ring, chequers_temple_overflow_statue_of_worship,
          chequers_ecumenical_altar_island, uniq_crazy_yiuf_cottage
D:3:      layout_basic, nicolae_ru_the_path_less_chosen, first_ration,
          st_stairs_14
D:4:      layout_rooms, overflow_temple_1_default,
          lemuel_zombie_altar_yredelemnul, serial_shops, shop_statue,
          minmay_fractal_squares_5

Skill      XL: |  1  2  3  4  5 |
---------------+----------------+-----
Long Blades    | 4 5 6 7 |  7.0
Fighting       | |  2.4
Throwing       | |  2.0
Dodging        | |  3.2

Action                   |  1- 3 |  4- 6 || total
-------------------------+-------+-------++-------
Melee: Long sword        |    99 |   100 ||   199
       Headbutt          |    11 |    17 ||    28
  Use: Potion            |     3 |     3 ||     6
       Scroll            |     2 |     2 ||     4
  Eat: Ration            |       |     1 ||     1
       Chunk             |       |     1 ||     1
Armor: Leather armour    |    21 |    19 ||    40
Dodge: Dodged            |    72 |    44 ||   116
       Rpst.: Long sword |    20 |     9 ||    29
